 Dungeon Crawl Stone Soup version 0.31-a0-83-gbff143cfd1 (webtiles) character file.

Game seed: 4746365876302388400

95 KVII the Conjurer (level 4, 27/27 HPs)
             Began as a Tengu Reaver on May 24, 2023.
             Quit the game on level 4 of the Dungeon.
             The game lasted 00:12:17 (846 turns).

KVII the Conjurer (Tengu Reaver)                     Turns: 846, Time: 00:12:18

Health: 27/27      AC:  0    Str: 15    XL:     4   Next: 66%
Magic:  8/8        EV: 12    Int: 13    God:
Gold:   76         SH:  0    Dex: 12    Spells: 6/7 levels left

rFire   . . .        c - +3 dagger (holy)
rCold   . . .        (no shield)
rNeg    . . .        (no body armour)
rPois   .            (helmet restricted)
rElec   .            (no cloak)
rCorr   .            (no gloves)
SInv    .            (boots unavailable)
Will    .....        (no amulet)
Stlth   +            (no ring)
HPRegen 0.24/turn    (no ring)
MPRegen 0.11/turn

%: no passive effects
@: no status effects
A: beak, talons 3
a: no special abilities


You were on level 4 of the Dungeon.
You visited 1 branch of the dungeon, and saw 4 of its levels.

You collected 76 gold pieces.

Inventory:

Hand Weapons
 a - a +0 falchion
 c - a +3 dagger of holy wrath (weapon)
 f - a +0 whip
 i - a +0 hand axe of electrocution
 k - a +0 broad axe
 n - a +0 club
 t - a +0 club
 v - a +0 sling
Missiles
 q - 5 poisoned darts
 u - 16 stones
Armour
 b - a +0 leather armour
 g - a +0 chain mail
 h - a +0 ring mail
 r - a +0 scale mail
 w - a +0 ring mail
 x - a +0 buckler
 y - a +0 scale mail
Magical Staves
 e - a staff of cold
Scrolls
 j - a scroll of poison {unknown}
 m - 5 scrolls of identify {unknown}
 o - a scroll of teleportation {unknown}
 s - a scroll of enchant armour {unknown}
Potions
 d - a potion of curing {unknown}
 l - a potion of heal wounds {unknown}
 p - a potion of mutation {unknown}


   Skills:
 + Level 2.8 Fighting
 + Level 1.5(2.8) Short Blades
 + Level 3.7(3.9) Long Blades
 + Level 1.7 Armour
 + Level 2.7 Dodging
 + Level 2.2 Spellcasting
 + Level 4.3 Conjurations


You had 6 spell levels left.
You knew the following spells:

 Your Spells              Type           Power      Damage    Failure   Level
a - Kiss of Death         Conj/Necr      24%        2d7       12%         1

Your spell library contained the following spells:

 Spells                   Type           Power      Damage    Failure   Level
 Momentum Strike          Conj/Tloc      12%        3d8       17%         2
 Hailstorm                Conj/Ice       6%         3d4       34%         3


Dungeon Overview and Level Annotations

Branches:
Dungeon (4/15)
 Temple: D:4-7

Altars:


Innate Abilities, Weirdness & Mutations

You have a beak for a mouth.
You have claws for feet.


Message History

No target in view!
No target in view!
You aren't wearing anything.
Unknown command.
Unknown command.
You aren't wearing anything.
You aren't wearing anything.
Sorry, you're not good enough to have a special ability.
You open the door.
There is an open door here.
You see here a +0 scale mail.
y - a +0 scale mail You aren't wearing anything.
No target in view!
There is an open door here.
Unknown command.
Unknown command.
Unknown command.
You aren't wearing anything.
You aren't wearing anything.
Unknown command.
Sorry, you're not good enough to have a special ability.
Your +3 dagger of holy wrath softly glows with a divine radiance!
c - a +3 dagger of holy wrath (weapon)
There's nothing to close nearby.
There's nothing to close nearby.
Unknown command.
Unknown command.
There's nothing to close nearby.
No target in view!
There's nothing to close nearby.
You aren't carrying any items that you can evoke.
Save game and exit?
Welcome back, KVII the Tengu Reaver.
Press ? for a list of commands and other information.
Unknown command.
Unknown command.
Unknown command.
Unknown command.
Are you sure you want to abandon this character and quit the game? (Confirm with "yes".)

#.######.###.......
#.#........+.......
#.#.#.#.#.##.......
#.#.......##....†..
#######'..#.#.#......)...
.....>...........########
.####.....#.#.#.##
#.....†.....#
#...@...##### #########


There were no monsters in sight!

Vanquished Creatures
  A jelly (D:4)
  2 adders (D:4)
  A worm (D:2)
  A dart slug (D:2)
  2 bats
  2 endoplasms (D:2)
  12 giant cockroaches
  6 goblins
  3 hobgoblins
  3 kobolds
  4 ball pythons
  A frilled lizard (D:2)
  A rat (D:2)
39 creatures vanquished.

Notes
Turn   | Place    | Note
-------+----------+-------------------------------------------
     0 | D:1      | KVII the Tengu Reaver began the quest for the Orb.
     0 | D:1      | Reached XP level 1. HP: 12/12 MP: 4/4
   160 | D:2      | Found a faded altar of an unknown god.
   194 | D:2      | Reached XP level 2. HP: 18/18 MP: 6/6
   362 | D:2      | Reached XP level 3. HP: 11/22 MP: 7/7
   597 | D:3      | Reached skill level 1 in Armour
   790 | D:4      | Reached skill level 1 in Short Blades
   790 | D:4      | Reached XP level 4. HP: 27/27 MP: 8/8
   846 | D:4      | Quit the game

Illustrated notes

Levels and vault maps discovered:
D:1:      roderic_crop_circles_arrival_small, layout_basic, serial_rivers,
          chequers_serial_rivers_room_a, chequers_serial_rivers_large_b,
          chequers_serial_rivers_room_b, chequers_serial_rivers_room_b,
          chequers_serial_rivers_large_a, chequers_serial_rivers_small_b,
          minmay_strange_pillars, nrook_loot_triangle
D:2:      layout_rooms, hellmonk_ecumenical_altar_lost_god
D:3:      minmay_roachtagon, layout_basic
D:4:      layout_basic, mainiacjoe_overflow_catwalk, serial_glass,
          glass_columns_b, glass_columns_c, kennysheep_generic_room_14,
          uniq_menkaure

Skill      XL: |  1  2  3 |
---------------+----------+-----
Armour         | 1 |  1.7
Short Blades   | 1 |  1.5
Fighting       | |  2.8
Long Blades    | |  3.7
Dodging        | |  2.7
Spellcasting   | |  2.2
Conjurations   | |  4.3

Action                     |  1- 3 |  4- 6 || total
---------------------------+-------+-------++-------
  Melee: Dagger            |    84 |     6 ||    90
         Falchion          |     9 |       ||     9
         Kick              |    23 |     2 ||    25
         Peck              |     9 |     3 ||    12
 Armour: Leather armour    |     6 |       ||     6
         Chain mail        |    23 |       ||    23
         Scale mail        |    35 |     4 ||    39
  Dodge: Dodged            |    51 |     3 ||    54

Table legend: (Time is in decaauts)
 A = Elapsed time spent in this place.
 B = Non-inter-level travel time spent in this place.
 C = Inter-level travel time spent in this place.
 D = Time resting spent in this place.
 E = Time spent auto-exploring this place.
 F = Levels seen in this place.
 G = Mean time per level.
                   A        B        C        D        E       F      G
               +--------+--------+--------+--------+--------+-----+--------+
         Total |    831 |    274 |    557 |      0 |      0 |   4 |  207.8 |
       Dungeon |    831 |    274 |    557 |      0 |      0 |   4 |  207.8 |
               +--------+--------+--------+--------+--------+-----+--------+

Top non-repeatable levels by time:
     D:3: 327 daAuts
     D:2: 302 daAuts
     D:1: 123 daAuts
     D:4: 77 daAuts
